 Dungeon Crawl Stone Soup version 0.30-a0-777-ga9a30cbeda (webtiles) character file.

Game seed: 12365515923276679951

10141 DEFE the Dancer (level 11, 0/70 HPs)
             Began as a Demonspawn Wanderer on Feb 14, 2023.
             Was a Priest of Uskayaw.
             Slain by an unseen horror (9 damage)
             ... on level 10 of the Dungeon.
             The game lasted 00:13:49 (13310 turns).

DEFE the Dancer (Demonspawn Wanderer)              Turns: 13310, Time: 00:13:50

Health: 0/70       AC: 19    Str: 19    XL:     11   Next: 32%
Magic:  16/22      EV:  5    Int: 13    God:    Uskayaw [***...]
Gold:   564        SH:  0    Dex: 11    Spells: 13/14 levels left

rFire   + . .      SeeInvis .      - Unarmed
rCold   . . .      Faith    .    (no shield)
rNeg    . . .      Spirit   .    l - +2 plate armour {rF+}
rPois   .          Reflect  .    k - +0 helmet
rElec   .          Harm     .    x - +0 cloak
rCorr   .          Rampage  .    (no gloves)
Will    .....                    (no boots) Stlth
                                 (no amulet)
HPRegen 0.31/turn                o - +4 ring of protection
MPRegen 0.18/turn                a - +4 ring of protection

@: corroded
A: claws 1, demonic guardian 2, powered by pain 1, sharp scales 1
a: Renounce Religion, Stomp, Line Pass


You were on level 10 of the Dungeon.
You worshipped Uskayaw.
Uskayaw was pleased with you.
You visited 1 branch of the dungeon, and saw 10 of its levels.
You also visited: Sewer, Ossuary and Bailey.

You collected 745 gold pieces.
You spent 181 gold pieces at shops.

Inventory:

Hand Weapons
 c - a +0 dagger
Missiles
 b - 20 boomerangs (quivered)
 K - 8 curare-tipped darts
 M - 2 throwing nets
Armour
 e - a +0 leather armour
 i - a +0 ring mail
 k - a +0 helmet (worn)
 l - a +2 plate armour of fire resistance (worn)
 u - a +1 chain mail of cold resistance
 x - a +0 cloak (worn)
 z - a +2 buckler
 O - a +2 plate armour of fire resistance
 Q - +0 acid dragon scales
Jewellery
 a - a +4 ring of protection (right claw)
 o - a +4 ring of protection (left claw)
Wands
 L - a wand of flame (14)
 P - a wand of digging (1)
Scrolls
 h - 3 scrolls of torment
 j - 2 scrolls of poison {unknown}
 m - 3 scrolls of vulnerability
 r - 3 scrolls of magic mapping
 s - 5 scrolls of enchant weapon {unknown}
 w - 6 scrolls of teleportation {unknown}
 y - 6 scrolls of immolation {unknown}
 B - 10 scrolls of identify {unknown}
 E - a scroll of noise {unknown}
 F - 5 scrolls of fog {unknown}
 G - 6 scrolls of amnesia {unknown}
 H - 2 scrolls of fear {unknown}
 I - 2 scrolls of enchant armour {unknown}
 R - a scroll of silence {unknown}
Potions
 d - a potion of cancellation {unknown}
 f - 2 potions of haste
 g - 3 potions of magic {unknown}
 n - 3 potions of curing
 p - 7 potions of mutation
 q - a potion of resistance {unknown}
 t - 3 potions of lignification {unknown}
 v - a potion of invisibility {unknown}
 A - a potion of attraction {unknown}
 C - 4 potions of flight
 D - a potion of heal wounds {unknown}
 J - a potion of ambrosia {unknown}
 N - 3 potions of brilliance {unknown}


   Skills:
 - Level 1.0 Fighting
 - Level 3.6 Axes
 - Level 1.7 Throwing
 + Level 11.4 Unarmed Combat
 - Level 2.0 Spellcasting
 - Level 4.3 Necromancy
 + Level 15.5 Invocations


You had 13 spell levels left.
You knew the following spells:

 Your Spells              Type           Power      Damage    Failure   Level
a - Kiss of Death         Conj/Necr      24%        2d7       99%         1

Your spell library contained the following spells:

 Spells                   Type           Power      Damage    Failure   Level
 Necrotise                Necr           48%        1d6       88%         1
 Sublimation of Blood     Necr           12%        N/A       96%         2
 Vampiric Draining        Necr           12%        2d6       99%         3
 Apportation              Tloc           2%         N/A       100%        1
 Sting                    Tmut/Pois      4%         1d3       100%        1
 Summon Small Mammal      Summ           4%         N/A       100%        1
 Blink                    Tloc           2%         N/A       100%        2
 Cigotuvi's Dreadful Rot  Necr/Pois/Air  10%        N/A       100%        2
 Lesser Beckoning         Tloc           2%         N/A       100%        2
 Momentum Strike          Conj/Tloc      2%         3d8       100%        2
 Poisonous Vapours        Pois/Air       2%         N/A       100%        2
 Scorch                   Fire           2%         2d5       100%        2
 Static Discharge         Conj/Air       2%         2-3/arc   100%        2
 Confusing Touch          Hex            1%         N/A       100%        3
 Gell's Gravitas          Tloc           1%         N/A       100%        3
 Inner Flame              Hex/Fire       1%         N/A       100%        3
 Ozocubu's Armour         Ice            1%         N/A       100%        3
 Portal Projectile        Hex/Tloc       2%         N/A       100%        3
 Swiftness                Air            1%         N/A       100%        3
 Teleport Other           Tloc           1%         N/A       100%        3
 Tukima's Dance           Hex            1%         N/A       100%        3
 Vhi's Electric Charge    Tloc/Air       2%         N/A       100%        3
 Cause Fear               Hex            0%         N/A       100%        4
 Dispel Undead            Necr           12%        3d9       100%        4
 Flame Wave               Conj/Fire      1%         2d4       100%        4
 Olgreb's Toxic Radiance  Pois           1%         N/A       100%        4
 Arcjolt                  Conj/Air       0%         1d10      100%        5
 Blade Hands              Tmut           0%         N/A       100%        5
 Lightning Bolt           Conj/Air       0%         1d11      100%        5
 Metabolic Englaciation   Hex/Ice        0%         N/A       100%        5
 Dispersal                Tloc           0%         N/A       100%        6
 Simulacrum               Ice/Necr       3%         N/A       100%        6
 Summon Cactus Giant      Summ           0%         N/A       100%        6
 Ozocubu's Refrigeration  Ice            0%         4d7       100%        7
 Discord                  Hex            0%         N/A       100%        8
 Maxwell's Capacitive Co  Air            0%         ∞         100%        8


Dungeon Overview and Level Annotations

Branches:
Dungeon (10/15)            Temple (0/1) D:4             Orc (0/2) D:9
  Sewer (visited)         Ossuary (visited)          Bailey (visited)
   Lair: D:8-11

Altars:
Ashenzari
Dithmenos
Gozag
Hepliaklqana
Kikubaaqudgha
Makhleb
Nemelex Xobeh
Okawaru
Ru
Uskayaw
Xom
Yredelemnul

Shops:
D:1 !   D:3 [

Annotations:
D:5 1 runed translucent door, Crazy Yiuf


Innate Abilities, Weirdness & Mutations

You have sharp fingernails.
A demonic guardian rushes to your aid.
You sometimes gain a little power by taking damage.
You are partially covered in razor-sharp scales. (AC +1, Slay +1)


Message History

MASSIVE DAMAGE!!
You are too injured to fight recklessly!
Unknown command.
You are too injured to fight recklessly!
Unknown command.
You closely miss the orc warrior. Something hits you but does no damage.
The orc warrior hits you with a +0 long sword!
* * * LOW HITPOINT WARNING * * *
You take 8 damage, and have 19/70 hp.
Unknown command.
Unknown command.
You stomp with the beat, sending a shockwave through the revellers around you!
Uskayaw will no longer force your foes to helplessly watch your dance.
Something hits you.
* * * LOW HITPOINT WARNING * * *
Something hits you but does no damage.
Your ice devil hits the acid dragon.
Your ice devil freezes the acid dragon!
The acid dragon dies!
The acid dragon scales are intact enough to wear.
The orc warrior hits you with a +0 long sword.
* * * LOW HITPOINT WARNING * * *
Uskayaw will force your foes to helplessly watch your dance.
You take 7 damage, and have 12/70 hp.
You now have 19/22 mp.
Unknown command.
You claw the orc warrior!
You kill the orc warrior!
Something hits you.
* * * LOW HITPOINT WARNING * * *
You take 4 damage, and have 8/70 hp.
Unknown command.
Unknown command.
You stomp with the beat, sending a shockwave through the revellers around you!
Uskayaw will no longer force your foes to helplessly watch your dance.
Something hits you but does no damage.
Uskayaw will force your foes to helplessly watch your dance.
You now have 16/22 mp.
Unknown command.
Something hits you but does no damage. x2
Something hits you!
You die...

##### #.... #########
#++### #.### ........
.....######.# ... ...
.....##...#.# ##.# #.#.#
..####.#.#
##.#.###)###..# #.#.#
#....[4.)))...####.#.#
.#..)..@).))!.##..<..#
#....#####''############
##..# ####..####........
#.. ##.................
..) #...#...#.#....#..[
...? #>...........#.#.##
..## #...###.#.#....#.#<
.# #+#. #.#.#........ #
..#.##.###...


You could see a friendly ice devil (summoned).

Vanquished Creatures
  Harold (D:9)
  3 two-headed ogres
  A deep elf pyromancer (D:6)
  Maurice (D:8)
  A slime creature (D:10)
  5 yaks
  A vampire (D:9)
  Eustachio (D:5)
  A wyvern (D:9)
  A steam dragon (D:9)
  2 water moccasins (D:7)
  6 orc warriors
  A sky beast (D:7)
  An ice beast (D:6)
  An ogre (D:7)
  Blork the orc (D:5)
  8 kobold brigands
  A gnoll sergeant (D:10)
  8 scorpions
  5 bullfrogs
  8 killer bees
  4 howler monkeys
  3 centaur zombies (Ossuary)
  2 human zombies (Ossuary)
  2 jellies
  A gnoll bouda (D:6)
  13 orc priests
  4 hounds
  6 iguanas
  12 orc wizards
  4 scorpion zombies (Ossuary)
  4 mummies
  Robin (D:2)
  12 adders
  11 gnolls
  5 river rats
  2 shadow imps
  3 white imps
  3 ufetubi (D:5)
  5 worms
  3 dart slugs
  59 orcs
  8 endoplasms
  5 giant cockroaches
  5 gnoll zombies (Ossuary)
  5 goblins
  10 hobgoblins
  14 jackals
  19 kobolds
  9 quokkas
  11 ball pythons
  12 bats
  5 frilled lizards
  2 goblin zombies (Ossuary)
  3 hobgoblin zombies (D:7)
  2 kobold zombies (Ossuary)
  2 orc zombies
  5 rats
334 creatures vanquished.

Vanquished Creatures (collateral kills)
  Maggie (D:9)
  An acid dragon (D:10)
  3 orc warriors
  An orc priest (D:8)
  5 orcs
  2 endoplasms (Sewer)
  A hobgoblin (D:3)
  2 frilled lizards (Sewer)
16 creatures vanquished.

Vanquished Creatures (others)
  4 plants (D:10)
4 creatures vanquished.

Grand Total: 354 creatures vanquished

Notes
Turn   | Place    | Note
-------+----------+-------------------------------------------
     0 | D:1      | DEFE the Demonspawn Wanderer began the quest for the Orb.
     0 | D:1      | DEFE set off with the following items: a +0 hand axe, 6
                  | boomerangs, a +0 dagger, a scroll of blinking, a +0 leather
                  | armour; and the following spell memorised: Kiss of Death;
                  | and the following spells available to memorise: Sublimation
                  | of Blood, Vampiric Draining.
     0 | D:1      | Reached XP level 1. HP: 15/15 MP: 3/3
   109 | D:1      | Gained mutation: You sometimes gain a little power by
                  | taking damage. [demonic ancestry]
   109 | D:1      | Reached XP level 2. HP: 18/21 MP: 5/5
   169 | D:1      | Found Gutyusuoxa's Distillery.
   394 | D:1      | Gained mutation: A weak demonic guardian rushes to your
                  | aid. [demonic ancestry]
   394 | D:1      | Reached XP level 3. HP: 26/26 MP: 6/6
   871 | D:2      | Noticed Robin
   944 | D:2      | Killed Robin
  1228 | D:2      | Gained mutation: You have sharp fingernails. [demonic
                  | ancestry]
  1228 | D:2      | Reached XP level 4. HP: 25/32 MP: 7/7
  1458 | D:2      | Reached skill level 1 in Unarmed Combat
  2057 | D:3      | Found a hide-covered altar of Uskayaw.
  2071 | D:3      | Became a worshipper of Uskayaw the Reveller
  2134 | D:3      | Reached * piety under Uskayaw
  2178 | D:3      | Found Pausteah's Armour Emporium.
  2188 | D:3      | Reached skill level 1 in Invocations
  2188 | D:3      | Reached XP level 5. HP: 33/37 MP: 8/8
  2334 | D:3      | Reached ** piety under Uskayaw
  2340 | D:3      | Reached *** piety under Uskayaw
  2413 | D:3      | Reached skill level 2 in Invocations
  2678 | D:4      | Reached skill level 3 in Invocations
  2913 | D:4      | Found a broken altar of Ashenzari.
  2931 | D:4      | Reached XP level 6. HP: 39/43 MP: 9/9
  3047 | D:3      | Bought a +1 chain mail of cold resistance for 181 gold
                  | pieces
  3389 | D:4      | Found a staircase to the Ecumenical Temple.
  3744 | D:5      | Entered Level 5 of the Dungeon
  3816 | D:5      | Found a glowing drain.
  3824 | Sewer    | Entered a sewer
  3901 | Sewer    | Reached skill level 4 in Invocations
  4759 | D:5      | Found a runed translucent door.
  4760 | D:5      | Noticed Crazy Yiuf
  4874 | D:5      | Reached skill level 5 in Invocations
  4874 | D:5      | Reached XP level 7. HP: 19/48 MP: 10/10
  5003 | D:5      | Noticed Eustachio
  5072 | D:5      | Killed Eustachio
  5214 | D:5      | Reached skill level 6 in Invocations
  5297 | D:5      | Noticed Blork the orc
  5313 | D:5      | Killed Blork the orc
  5314 | D:5      | Reached skill level 5 in Unarmed Combat
  5347 | D:5      | Found a hazy altar of Hepliaklqana.
  5348 | D:5      | Found a faded altar of an unknown god.
  5526 | D:5      | Reached **** piety under Uskayaw
  5618 | D:5      | Reached skill level 7 in Invocations
  5656 | D:5      | Reached XP level 8. HP: 18/54 MP: 13/13
  6124 | D:6      | Identified the +3 rapier of the Burning Stoat {holy, rElec
                  | rN++ Will-}
  6140 | D:6      | Reached skill level 8 in Invocations
  6347 | D:6      | Reached ***** piety under Uskayaw
  6534 | D:6      | Identified the +1 leather armour of the Devil's Advocate
                  | {Str+4}
  6758 | D:6      | Reached skill level 9 in Invocations
  7219 | D:6      | Noticed a deep elf pyromancer
  7224 | D:6      | HP: 1/54 [deep elf pyromancer/bolt of fire (39)]
  7415 | D:6      | Killed a deep elf pyromancer
  7416 | D:6      | Reached skill level 10 in Invocations
  7416 | D:6      | Gained mutation: You are partially covered in razor-sharp
                  | scales. (AC +1, Slay +1) [demonic ancestry]
  7416 | D:6      | Reached XP level 9. HP: 59/59 MP: 14/16
  8022 | D:7      | Reached skill level 11 in Invocations
  8837 | D:8      | Found an iron altar of Okawaru.
  8843 | D:8      | Found a flagged portal.
  8900 | D:8      | Found a sand-covered staircase.
  8909 | Ossuary  | Entered an ossuary
  9174 | Ossuary  | Reached skill level 12 in Invocations
  9347 | Bailey   | Entered a bailey
  9482 | Bailey   | Gained mutation: A demonic guardian rushes to your aid.
                  | [demonic ancestry]
  9482 | Bailey   | Reached XP level 10. HP: 35/65 MP: 19/19
  9486 | Bailey   | HP: 1/65 [orc warrior/+0 war axe (7)]
  9795 | Bailey   | Found an iron altar of Okawaru.
  9868 | D:8      | Noticed Maurice
 10029 | D:8      | Killed Maurice
 10049 | D:8      | Found a basalt altar of Yredelemnul.
 10228 | D:8      | Found an ancient bone altar of Kikubaaqudgha.
 10319 | D:8      | Noticed a two-headed ogre
 10328 | D:8      | Killed a two-headed ogre
 10329 | D:8      | Reached skill level 13 in Invocations
 10571 | D:8      | Found a sparkling altar of Nemelex Xobeh.
 10614 | D:8      | Got the Folio of the Tempest
 10734 | D:8      | Found a sacrificial altar of Ru.
 10734 | D:8      | Found a shadowy altar of Dithmenos.
 10742 | D:8      | Found a burning altar of Makhleb.
 10744 | D:8      | Found a shimmering altar of Xom.
 10746 | D:8      | Found an opulent altar of Gozag.
 10800 | D:9      | Noticed Harold
 10814 | D:9      | Killed Harold
 10815 | D:9      | Reached skill level 10 in Unarmed Combat
 11215 | D:9      | Reached skill level 14 in Invocations
 11244 | D:9      | Noticed a two-headed ogre
 11253 | D:9      | Killed a two-headed ogre
 11828 | D:9      | Noticed Maggie
 11844 | D:9      | Killed Maggie
 11845 | D:9      | Reached XP level 11. HP: 35/70 MP: 20/22
 11998 | D:9      | Found a staircase to the Orcish Mines.
 12591 | D:10     | Entered Level 10 of the Dungeon
 12593 | D:10     | Noticed a two-headed ogre
 12778 | D:10     | Reached skill level 15 in Invocations
 13044 | D:10     | Killed a two-headed ogre
 13310 | D:10     | Slain by an unseen horror

Illustrated notes

Levels and vault maps discovered:
D:1:      minmay_arrival_stair_chambers, layout_basic, serial_shops, shop,
          amcnicky_mini_rare_corridor_liquid, minmay_misc_feat_five,
          minmay_misc_feat_rows
D:2:      wad_pebble_path, layout_rooms, uniq_robin
D:3:      layout_loops_ring, nicolae_uskayaw_dance_hall, serial_shops,
          nicolae_shop_advertising_works [nicolae_subvault_shop_adworks]
D:4:      layout_loops_cross, mainiacjoe_overflow_paths,
          minmay_temple_entry_glassed_door
D:5:      layout_rooms, beargit_hepliaklqana_dungeon_heroes,
          gup_sewer_entry_bubbles, serial_curves, eino_curves_04,
          eino_curves_03, uniq_eustachio, uniq_crazy_yiuf_cottage
D:6:      layout_rooms, guppyfry_early_elven_hall
D:7:      layout_basic, minmay_mini_ossuary
D:8:      layout_gridville, chequers_temple_overflow_minitemple,
          mainiacjoe_overflow_swirl, grunt_temple_overflow_open, enter_bailey_2,
          nicolae_ossuary_entry_monument, uniq_maurice
D:9:      layout_gridville, david_orc_5, uniq_harold, uniq_maggie
D:10:     layout_basic, mainiacjoe_overflow_alcove_4,
          nicolae_concentric_dashed_squares_wild, hangedman_corner_corridor,
          uniq_erolcha

Skill      XL: |  1  2  3  4  5  6  7  8  9 10 11 |
---------------+----------------------------------+-----
Axes           | 2 3 |  3.6
Unarmed Combat | 2 3 4 5 7 9 10 11 | 11.4
Invocations    | 1 3 5 7 10 12 14 15 | 15.5
Fighting       | |  1.0
Throwing       | |  1.7
Spellcasting   | |  2.0
Necromancy     | |  4.3

Action                     |  1- 3 |  4- 6 |  7- 9 | 10-12 || total
---------------------------+-------+-------+-------+-------++-------
  Melee: Hand axe          |   120 |    96 |       |       ||   216
         Unarmed           |       |   367 |   515 |   311 ||  1193
         Punch             |       |     9 |    22 |    21 ||    52
 Invoke: Stomp             |       |       |       |     2 ||     2
  Evoke: Wand              |       |       |    12 |     5 ||    17
    Use: Scroll            |       |       |     5 |       ||     5
         Potion            |       |       |       |     3 ||     3
   Stab: Paralysed         |       |     6 |    29 |    29 ||    64
         Distracted        |       |       |       |     1 ||     1
 Armour: Leather armour    |    13 |       |       |       ||    13
         Ring mail         |    26 |    76 |       |       ||   102
         Chain mail        |       |   353 |   489 |     3 ||   845
         Plate armour      |       |       |       |   204 ||   204
         Acid dragon scale |       |       |       |    27 ||    27
  Dodge: Dodged            |    79 |   252 |   195 |    92 ||   618

Table legend: (Time is in decaauts)
 A = Elapsed time spent in this place.
 B = Non-inter-level travel time spent in this place.
 C = Inter-level travel time spent in this place.
 D = Time resting spent in this place.
 E = Time spent auto-exploring this place.
 F = Levels seen in this place.
 G = Mean time per level.
                   A        B        C        D        E       F      G
               +--------+--------+--------+--------+--------+-----+--------+
         Total |  13383 |  12809 |    574 |   3732 |   6413 |  13 | 1029.5 |
       Dungeon |  11594 |  11020 |    574 |   3391 |   5619 |  10 | 1159.4 |
         Sewer |    922 |    922 |      0 |     87 |    493 |   1 |  922.0 |
       Ossuary |    399 |    399 |      0 |      0 |    190 |   1 |  399.0 |
        Bailey |    466 |    466 |      0 |    254 |    109 |   1 |  466.0 |
               +--------+--------+--------+--------+--------+-----+--------+

Top non-repeatable levels by time:
     D:9: 1889 daAuts
     D:5: 1730 daAuts
     D:7: 1409 daAuts
     D:6: 1264 daAuts
     D:1: 1035 daAuts
     D:4: 955 daAuts
     D:8: 952 daAuts
     D:3: 923 daAuts
   Sewer: 922 daAuts
     D:2: 856 daAuts
    D:10: 577 daAuts
  Bailey: 466 daAuts
 Ossuary: 399 daAuts
